 Dungeon Crawl Stone Soup version 0.27-a0-1312-g5cdb2b3542 (webtiles) character file.

Game seed: 3922856241429536064

3450 Froggeryz the Cleaver (level 9, -8/67 HPs)
             Began as a Palentonga Abyssal Knight on June 18, 2021.
             Was an Elder of Lugonu.
             Mangled by an orc warrior (9 damage)
             ... on level 9 of the Dungeon.
             The game lasted 00:13:50 (12215 turns).

Froggeryz the Cleaver (Palentonga Abyssal Knight)  Turns: 12215, Time: 00:13:50

Health: -8/67      AC: 15    Str: 19    XL:     9   Next: 78%
Magic:  10/10      EV:  5    Int: 13    God:    Lugonu [****..]
Gold:   438        SH:  0    Dex:  9    Spells: 8/8 levels left

rFire    . . .     SeeInvis +   v - +1 war axe (flame)
rCold    . . .     Faith    .   (no shield)
rNeg     . . .     Spirit   .   D - +0 chain mail
rPois    +         Reflect  .   (no helmet)
rElec    .         Harm     .   (no cloak)
rCorr    .         Rampage  .   (no gloves)
Will     .....                  (no barding)
Stlth    ..........             (no amulet)
HPRegen  0.21/turn              h - ring of flight
MPRegen  0.12/turn              z - ring of poison resistance

@: flying, curled up
A: large, rugged brown scales 3, see invisible, deformed body, roll 1, armoured
tail, reflexive curl
a: Rolling Charge, Renounce Religion, Depart the Abyss, Bend Space, Banish,
Corrupt


You were on level 9 of the Dungeon.
You worshipped Lugonu.
Lugonu was greatly pleased with you.
You visited 1 branch of the dungeon, and saw 9 of its levels.
You visited the Abyss 1 time.

You collected 438 gold pieces.

Inventory:

Hand Weapons
 r - a +3 vorpal hand axe
 v - a +1 war axe of flaming (weapon)
Missiles
 f - 59 poisoned darts (quivered)
 m - a throwing net
 o - 11 boomerangs
 q - 2 javelins
 t - 4 silver boomerangs
Armour
 D - a +0 chain mail (worn)
Jewellery
 h - a ring of flight (left hand)
 k - a +4 ring of evasion
 u - a ring of ice
 z - a ring of poison resistance (right hand)
Wands
 C - a wand of iceblast (10)
Scrolls
 b - a scroll of silence {unknown}
 d - 2 scrolls of torment {unknown}
 g - 4 scrolls of enchant armour {unknown}
 i - 2 scrolls of brand weapon {unknown}
 j - 4 scrolls of amnesia {unknown}
 l - 3 scrolls of vulnerability {unknown}
 n - 4 scrolls of identify {unknown}
 p - 3 scrolls of magic mapping {unknown}
 s - 3 scrolls of teleportation {unknown}
 w - a scroll of blinking {unknown}
 x - 2 scrolls of noise {unknown}
 y - a scroll of acquirement {unknown}
 F - a scroll of fog {unknown}
Potions
 a - 2 potions of flight
 c - a potion of ambrosia {unknown}
 e - 2 potions of curing {unknown}
 A - a potion of attraction {unknown}
 B - 2 potions of lignification
 E - a potion of might {unknown}


   Skills:
 - Level 3.0 Fighting
 * Level 13.2 Axes
 - Level 3.1 Armour
 - Level 0.7 Dodging
 - Level 2.0 Invocations


You had 8 spell levels left.
You didn't know any spells.
Your spell library contained the following spells:

 Spells                   Type           Power      Damage    Failure   Level
 Apportation              Tloc           0%         N/A       98%         1
 Corona                   Hex            0%         N/A       98%         1
 Freeze                   Ice            0%         1d3       98%         1
 Summon Small Mammal      Summ           0%         N/A       98%         1
 Blink                    Tloc           N/A        N/A       99%         2
 Call Imp                 Summ           0%         N/A       99%         2
 Ensorcelled Hibernation  Hex/Ice        0%         N/A       99%         2
 Slow                     Hex            0%         N/A       99%         2
 Call Canine Familiar     Summ           0%         N/A       100%        3
 Confusing Touch          Hex            0%         N/A       100%        3
 Dazzling Flash           Conj/Hex       0%         N/A       100%        3
 Frozen Ramparts          Ice            0%         1d2       100%        3
 Inner Flame              Hex/Fire       0%         N/A       100%        3
 Ozocubu's Armour         Ice            0%         N/A       100%        3
 Portal Projectile        Hex/Tloc       0%         N/A       100%        3
 Summon Guardian Golem    Hex/Summ       0%         N/A       100%        3
 Teleport Other           Tloc           0%         N/A       100%        3
 Tukima's Dance           Hex            0%         N/A       100%        3
 Cause Fear               Hex            0%         N/A       100%        4
 Hailstorm                Conj/Ice       0%         3d3       100%        4
 Leda's Liquefaction      Hex/Erth       0%         N/A       100%        4
 Summon Ice Beast         Ice/Summ       0%         N/A       100%        4
 Summon Lightning Spire   Summ/Air       0%         N/A       100%        4
 Metabolic Englaciation   Hex/Ice        0%         N/A       100%        5


Dungeon Overview and Level Annotations

Branches:
Dungeon (9/15)             Temple (0/1) D:6
   Lair: D:8-11         Orc: D:9-12

Altars:
Sif Muna
Uskayaw
The Shining One

Shops:
D:2 ?   D:4 !   D:5 [

Annotations:
D:2 1 runed translucent door, Crazy Yiuf


Innate Abilities, Weirdness & Mutations

You are completely covered in rugged brown scales. (AC +3, +7% HP)
You have supernaturally acute eyesight. (SInv)
Armour fits poorly on your strangely shaped body.
You can roll at nearby foes to attack.
You have a long armoured tail.
You curl defensively after being hit.


Message History

You barely miss the orc warrior.
Your tail-slap misses the orc warrior.
The orc warrior hits you with a +0 mace!
You barely miss the orc warrior.
Your tail-slap misses the orc warrior.
You closely miss the orc warrior.
The orc warrior hits you but does no damage.
You closely miss the orc warrior.
The orc warrior hits you with a +0 mace!
You are too injured to fight recklessly!
You are too injured to fight recklessly!
You hit the orc warrior. You burn the orc warrior.
The orc warrior is lightly wounded.
The orc warrior hits you with a +0 mace.
You hit the orc warrior. You burn the orc warrior.
The orc warrior is heavily wounded.
The orc warrior hits you with a +0 mace!
* * * LOW HITPOINT WARNING * * *
You hit the orc warrior but do no damage.
You tail-slap the orc warrior.
The orc warrior is heavily wounded.
The orc warrior hits you with a +0 mace!
* * * LOW HITPOINT WARNING * * *
Okay, then.
Okay, then.
You closely miss the orc warrior. You tail-slap the orc warrior.
The orc warrior is severely wounded.
The orc wizard gestures wildly while chanting.
The orc wizard flickers and vanishes for a moment.
You hit the orc warrior. You burn the orc warrior.
Your tail-slap misses the orc warrior.
The orc warrior is almost dead.
The orc warrior hits you with a +0 mace!
* * * LOW HITPOINT WARNING * * *
You hit the orc warrior but do no damage.
The orc warrior is almost dead.
The orc warrior completely misses you.
You hit the orc warrior but do no damage.
Your tail-slap misses the orc warrior.
The orc warrior is almost dead.
The orc warrior hits you with a +0 mace!
You die...

... ..... ......#
.......## . #......#
...
#......#########.....
#............@oo.....
#...........###o.....
#.......##### .....
##......# ....
#.....## ... #.....#
.. #.....## ....
#...#..# ... ######.#
..#


You could see an orc warrior, an orc priest and an orc wizard (invisible).

Vanquished Creatures
  A centaur warrior (D:9)
  4 orc warriors
  2 black bears
  4 ogres
  A phantom (D:6)
  4 bullfrogs
  A gnoll sergeant (D:6)
  4 scorpions
  2 water moccasin zombies
  2 water moccasin skeletons
  A howler monkey (D:9)
  2 centaur zombies
  A jelly (D:4)
  4 orc priests
  3 hounds
  A bullfrog skeleton (D:6)
  4 iguanas
  9 orc wizards
  A hound skeleton (D:5)
  7 adders
  10 gnolls
  2 howler monkey skeletons
  A shadow imp (D:6)
  4 white imps
  2 ufetubi
  2 adder skeletons (D:4)
  A worm (D:4)
  A dart slug (D:5)
  39 orcs
  6 endoplasms
  3 giant cockroaches
  3 hobgoblins
  11 jackals
  5 kobolds
  2 quokkas (D:2)
  5 ball pythons
  4 bats (D:1)
  2 frilled lizards
  3 goblins
  5 rats
169 creatures vanquished.

Vanquished Creatures (others)
  5 plants (D:5)
5 creatures vanquished.

Grand Total: 174 creatures vanquished

Notes
Turn   | Place    | Note
-------+----------+-------------------------------------------
     0 | Abyss:1  | Froggeryz the Palentonga Abyssal Knight began the quest for
                  | the Orb.
     0 | Abyss:1  | Reached XP level 1. HP: 19/19 MP: 2/2
     6 | Abyss:1  | Found a burning altar of Makhleb.
    91 | Abyss:1  | Noticed a neqoxec
   155 | Abyss:2  | Noticed a neqoxec
   155 | Abyss:2  | Gained mutation: You sometimes lose the ability to read
                  | scrolls when taking damage. [a neqoxec]
   158 | Abyss:2  | Lost mutation: You sometimes lose the ability to read
                  | scrolls when taking damage. [a neqoxec]
   161 | D:1      | Escaped the Abyss
   477 | D:1      | Reached XP level 2. HP: 25/25 MP: 3/3
   658 | D:1      | Reached * piety under Lugonu
   872 | D:1      | Reached skill level 3 in Axes
  1415 | D:2      | Found a faded altar of an unknown god.
  1526 | D:2      | Found Oreceph's Magic Scroll Shoppe.
  1643 | D:2      | Reached XP level 3. HP: 31/31 MP: 4/4
  2009 | D:2      | Found a runed translucent door.
  2010 | D:2      | Noticed Crazy Yiuf
  2902 | D:3      | Reached XP level 4. HP: 37/37 MP: 5/5
  2925 | D:3      | Reached skill level 4 in Axes
  3640 | D:4      | Noticed a black bear
  3648 | D:4      | Killed a black bear
  3649 | D:4      | Reached skill level 5 in Axes
  3649 | D:4      | Reached XP level 5. HP: 28/43 MP: 6/6
  3943 | D:4      | Noticed an ogre
  3944 | D:4      | Reached ** piety under Lugonu
  4414 | D:4      | Found Laroerph's Distillery.
  4548 | D:4      | Killed an ogre
  4549 | D:4      | Reached XP level 6. HP: 33/50 MP: 7/7
  4896 | D:4      | Reached skill level 6 in Axes
  5113 | D:4      | Found a glowing golden altar of the Shining One.
  5113 | D:4      | Found a hide-covered altar of Uskayaw.
  5244 | D:5      | Entered Level 5 of the Dungeon
  5482 | D:5      | Reached skill level 7 in Axes
  5482 | D:5      | Gained mutation: You curl defensively after being hit.
                  | [Palentonga growth]
  5482 | D:5      | Reached XP level 7. HP: 40/55 MP: 8/8
  5579 | D:5      | Found Lor Niy's Antique Armour Emporium.
  5995 | D:5      | Reached *** piety under Lugonu
  6240 | D:5      | Reached skill level 8 in Axes
  6648 | D:6      | Reached XP level 8. HP: 62/62 MP: 9/9
  6655 | D:6      | Reached skill level 9 in Axes
  7161 | D:6      | Identified the +3 scimitar of Guilt {antimagic, Will+
                  | Str+4}
  7378 | D:6      | Found a staircase to the Ecumenical Temple.
  8012 | D:6      | HP: 3/62 [orc warrior (17)]
  8015 | D:6      | Reached skill level 10 in Axes
  8532 | D:6      | Found a shimmering blue altar of Sif Muna.
  9014 | D:7      | Reached skill level 11 in Axes
  9519 | D:6      | Reached XP level 9. HP: 16/67 MP: 10/10
 10489 | D:7      | Identified the Incunabulum of the Glacial Voyage
 10703 | D:7      | HP: 4/96 [orc warrior (2)]
 11138 | D:8      | Reached skill level 12 in Axes
 11851 | D:8      | Reached **** piety under Lugonu
 12017 | D:9      | Noticed a centaur warrior
 12025 | D:9      | Killed a centaur warrior
 12026 | D:9      | Reached skill level 13 in Axes
 12213 | D:9      | HP: 1/67 [orc warrior (8)]
 12215 | D:9      | Mangled by an orc warrior

Illustrated notes

Levels and vault maps discovered:
D:1:      co_arrival_square_in_a_square_in_a_square, layout_loops_cross,
          minmay_hexomino_u4
D:2:      layout_loops_ring, serial_shops, shop, basic_ecumenical_altar,
          uniq_crazy_yiuf_cottage
D:3:      layout_basic
D:4:      layout_loops_ring, gammafunk_temple_overflow_elements, serial_shops,
          kennysheep_mini
D:5:      layout_rooms, serial_shops, nicolae_shop_overgrown_old_shop,
          hex_medium, kennysheep_generic_room_9
D:6:      layout_basic, kennysheep_orc_sif_temple, minmay_temple_entry_slanted,
          minivault_24
D:7:      layout_rooms, minmay_circle_x
D:8:      layout_gridville
D:9:      layout_cave_pods, gammafunk_ghost_spectres

Skill      XL: |  1  2  3  4  5  6  7  8  9 |
---------------+----------------------------+-----
Armour         | 2 3 |  3.1
Axes           | 3 5 7 8 11 13 | 13.2
Fighting       | |  3.0
Dodging        | |  0.7
Invocations    | |  2.0

Action                   |  1- 3 |  4- 6 |  7- 9 || total
-------------------------+-------+-------+-------++-------
Melee: Hand axe          |   110 |   158 |   249 ||   517
       Tailslap          |     8 |    12 |    36 ||    56
       War axe           |       |       |    81 ||    81
Throw: Dart              |       |     5 |       ||     5
Invok: Depart the Abyss  |     1 |       |       ||     1
 Abil: Rolling Charge    |       |     8 |     7 ||    15
  Use: Potion            |       |       |     4 ||     4
Armor: Leather armour    |    17 |       |       ||    17
       Ring mail         |    36 |    78 |    60 ||   174
       Chain mail        |       |       |    65 ||    65
       Skin              |       |       |     6 ||     6
Dodge: Dodged            |    54 |    62 |    97 ||   213

Table legend: (Time is in decaauts)
 A = Elapsed time spent in this place.
 B = Non-inter-level travel time spent in this place.
 C = Inter-level travel time spent in this place.
 D = Time resting spent in this place.
 E = Time spent auto-exploring this place.
 F = Levels seen in this place.
 G = Mean time per level.
                   A        B        C        D        E       F      G
               +--------+--------+--------+--------+--------+-----+--------+
         Total |  12187 |  11770 |    417 |   3198 |   7252 |  11 | 1107.9 |
       Dungeon |  12025 |  11608 |    417 |   3198 |   7108 |   9 | 1336.1 |
         Abyss |    162 |    162 |      0 |      0 |    144 |   2 |   81.0 |
               +--------+--------+--------+--------+--------+-----+--------+

Top non-repeatable levels by time:
     D:5: 1973 daAuts
     D:6: 1861 daAuts
     D:7: 1794 daAuts
     D:3: 1693 daAuts
     D:4: 1193 daAuts
     D:1: 1186 daAuts
     D:8: 1095 daAuts
     D:2: 1033 daAuts
     D:9: 194 daAuts
 Abyss:1: 94 daAuts
 Abyss:2: 67 daAuts
